Map: Automaton LE

Players

HateMe

  • Race: Zerg Zerg
  • Spawn Location: 3:00

Clem - Winner!

  • Race: Terran Terran
  • Spawn Location: 9:00

Event: IEM Season 13: Katowice (2019)

VOD

Have the link to the VOD?

Description

Time

  • Played on: Feb. 25, 2019, 5:40 a.m.
  • Length: 10:21

All games in this series

Show
View Real Time Build Order
Export as new Build Order

HateMe Zerg 

Build Orders: Hatch First 

Get SALT Encoding   

  12  0:00  Drone  
  13  0:12  Overlord  
  13  0:18  Drone  
  14  0:31  Drone x2  
  16  0:49  Hatchery  
  15  0:52  Drone  
  15  0:56  Drone  
  17  1:00  Drone  
  18  1:11  Extractor  
  17  1:15  Spawning Pool  
  16  1:18  Drone  
  16  1:22  Drone  
  18  1:30  Drone  
  19  1:39  Drone  
  20  1:52  Overlord  
  20  2:02  Queen x2  
  20  2:03  Zergling x4  
  26  2:11  Drone  
  26  2:13  Drone  
  26  2:14  Metabolic Boost  
  28  2:22  Drone  
  29  2:23  Drone  
  29  2:40  Hatchery  
  28  2:44  Drone  
  28  2:45  Drone  
  28  2:46  Drone  
  28  2:51  Drone  
  32  2:57  Overlord  
  32  3:01  Queen  
  32  3:04  Drone  
  35  3:17  Overlord, Drone x2  
  37  3:20  Drone  
  37  3:21  Drone  
  37  3:22  Drone  
  37  3:23  Drone  
  41  3:27  Drone  
  41  3:33  Drone  
  41  3:34  Overlord  
  43  3:37  Zergling x4  
  43  3:38  Queen  
  43  3:41  Zergling x2  
  48  3:44  Drone  
  48  3:47  Lair  
  49  3:49  Drone  
  49  3:51  Overlord  
  49  3:57  Queen  
  49  4:01  Overlord  
  51  4:03  Drone  
  51  4:06  Drone  
  51  4:09  Zergling x6  
  56  4:11  Zergling x2  
  56  4:13  Zergling x2  
  58  4:17  Drone  
  58  4:18  Drone  
  58  4:22  Drone x2, Baneling Nest  
  58  4:23  Drone  
  62  4:25  Drone  
  62  4:26  Drone  
  62  4:28  Drone  
  62  4:29  Drone  
  66  4:32  Overlord  
  66  4:35  Spore Crawler  
  66  4:38  Drone  
  66  4:40  Drone x2  
  66  4:43  Queen  
  66  4:45  Overseer  
  70  4:48  Drone x2  
  70  4:51  Drone  
  71  4:53  Drone  
  71  4:55  Drone  
  71  4:57  Drone  
  74  5:00  Drone x2  
  74  5:02  Drone  
  74  5:04  Drone  
  74  5:05  Drone  
  76  5:08  Drone  
  76  5:10  Zergling x2  
  76  5:11  Zergling x2  
  71  5:18  Zergling x8  
  73  5:27  Drone x2  
  75  5:31  Drone  
  75  5:34  Drone x2  
  77  5:40  Drone  
  76  5:47  Drone x2  
  76  5:49  Drone  
  79  5:55  Drone x2  
  81  5:58  Extractor x2  
  81  6:00  Evolution Chamber  
  81  6:01  Evolution Chamber, Extractor  
  81  6:02  Extractor x2  
  81  6:04  Drone  
  75  6:06  Drone x2  
  77  6:13  Drone  
  77  6:15  Hatchery  
  77  6:25  Drone x4  
  80  6:26  Centrifical Hooks  
  80  6:29  Overlord  
  80  6:31  Overlord x3  
  81  6:37  Zerg Ground Armor Level 1  
  81  6:41  Overlord  
  81  6:46  Zerg Melee Weapons Level 1  
  81  6:47  Drone  
  81  6:48  Zergling x16, Hydralisk Den  
  81  6:50  Drone x2  
  81  6:53  Zergling x4  
  93  6:59  Zergling x8  
  97  7:03  Baneling x4  
  97  7:04  Baneling x3  
  97  7:08  Zergling x2  
  97  7:09  Zergling x4  
  100  7:21  Hydralisk x4, Muscular Augments  
  108  7:24  Overlord x2  
  108  7:27  Hydralisk  
  110  7:30  Hydralisk  
  110  7:31  Hydralisk  
  110  7:35  Hydralisk  
  116  7:39  Overlord x2  
  116  7:51  Hydralisk x5  
  115  7:56  Zergling x14  
  129  8:04  Zergling x2  
  129  8:05  Zergling x8  
  127  8:17  Zergling x16  
  125  8:22  Drone  
  125  8:23  Drone x2  
  116  8:30  Overseer  
  116  8:32  Grooved Spines  
  116  8:33  Zergling x8  
  106  8:36  Baneling  
  106  8:37  Baneling x2  
  106  8:38  Zergling x2  
  104  8:43  Zergling x4  
  104  8:45  Zergling x2  
  97  8:49  Zergling x6  
  97  8:55  Zergling x6  
  102  8:57  Baneling x3  
  102  9:00  Zergling x4  
  103  9:03  Zergling x4  
  103  9:05  Baneling x4  
  103  9:06  Baneling x2  
  104  9:14  Zergling x14  
  111  9:18  Zergling x6  
  113  9:28  Zergling x14  
  113  9:31  Zergling x2  
  121  9:33  Zergling x2  
  121  9:35  Zergling x2  
  121  9:36  Zergling x4  
  121  9:37  Zergling x2  
  121  9:38  Zergling x2  
  121  9:50  Zergling x10  
  123  10:04  Zergling x12  
  127  10:07  Hatchery  
Show
View Real Time Build Order
Export as new Build Order

Clem Terran - Winner!

Build Orders: Liberator Opening, Reaper Expand 

Get SALT Encoding   

  12  0:01  SCV  
  13  0:13  SCV  
  14  0:18  Supply Depot  
  14  0:26  SCV  
  15  0:39  SCV  
  15  0:40  Barracks  
  16  0:44  Refinery  
  16  0:52  SCV  
  17  1:04  SCV  
  18  1:16  SCV  
  19  1:27  Reaper  
  19  1:28  Orbital Command  
  20  1:41  Command Center  
  20  1:49  Supply Depot  
  20  1:53  SCV  
  21  1:58  Marine  
  22  2:05  Factory  
  22  2:09  SCV  
  22  2:14  Refinery  
  23  2:22  SCV  
  25  2:27  Barracks Reactor  
  24  2:34  SCV  
  25  2:46  SCV  
  26  2:53  Starport  
  26  2:55  Orbital Command  
  26  2:59  SCV  
  27  3:06  Hellion x2  
  31  3:13  Liberator  
  31  3:14  Marine  
  31  3:17  SCV  
  32  3:21  SCV  
  32  3:22  Supply Depot  
  33  3:28  Hellion x2  
  33  3:29  SCV  
  41  3:34  SCV  
  41  3:35  Barracks Tech Lab  
  42  3:44  SCV  
  42  3:46  SCV  
  42  3:47  Supply Depot  
  44  3:50  Hellion  
  44  3:51  Hellion  
  48  3:56  SCV  
  48  3:59  Liberator  
  48  4:00  SCV  
  48  4:01  Stimpack  
  50  4:04  Marine  
  50  4:08  SCV  
  50  4:09  Supply Depot  
  52  4:15  SCV  
  56  4:24  SCV  
  56  4:28  Factory Tech Lab, SCV  
  58  4:32  Command Center  
  58  4:36  SCV  
  59  4:41  Marine  
  59  4:43  Barracks, SCV  
  61  4:46  Barracks  
  61  4:49  Siege Tank  
  61  4:50  SCV  
  65  4:55  Supply Depot  
  65  4:59  SCV, Marine  
  67  5:02  Engineering Bay  
  67  5:04  Engineering Bay  
  67  5:07  SCV  
  67  5:11  SCV  
  69  5:17  Marine  
  69  5:19  SCV  
  69  5:23  SCV  
  69  5:27  Siege Tank  
  71  5:29  Starport Reactor  
  71  5:31  Terran Infantry Weapons Level 1, SCV, Refinery  
  71  5:32  Marine x2  
  71  5:35  Marine  
  75  5:38  SCV  
  71  5:46  Barracks Reactor  
  71  5:47  Barracks  
  71  5:48  Barracks  
  71  5:49  Marine x2  
  68  5:51  Refinery  
  68  5:52  Orbital Command, Marine  
  71  5:57  Terran Infantry Armor Level 1  
  71  6:02  SCV  
  71  6:03  Supply Depot  
  72  6:04  SCV  
  72  6:07  Marine x2  
  72  6:08  Combat Shield  
  72  6:10  Marine  
  76  6:15  SCV  
  76  6:16  Orbital Command, SCV  
  78  6:20  Supply Depot  
  78  6:26  Armory  
  78  6:27  SCV  
  78  6:28  SCV, Supply Depot  
  78  6:30  Marine  
  78  6:31  Marine x4  
  85  6:35  Siege Tank  
  85  6:39  SCV  
  89  6:40  SCV  
  89  6:42  Supply Depot  
  89  6:44  SCV  
  92  6:50  Marine x2  
  92  6:52  SCV  
  92  6:54  Barracks Reactor x2, SCV  
  94  6:55  Marine x2  
  94  6:56  SCV  
  94  6:57  Marine  
  99  7:05  Supply Depot x2  
  99  7:06  Medivac x2  
  99  7:08  Marine x2  
  105  7:13  Refinery, SCV, Marine  
  105  7:14  SCV x2  
  107  7:16  Siege Tank  
  107  7:17  Refinery  
  107  7:18  Marine x2  
  112  7:25  Supply Depot  
  112  7:26  Marine  
  112  7:27  Factory, Marine  
  114  7:30  SCV, Marine  
  114  7:32  SCV  
  114  7:33  SCV  
  114  7:36  Marine x2  
  120  7:41  Marine x4  
  120  7:42  SCV  
  120  7:43  Marine  
  126  7:44  Terran Infantry Weapons Level 2  
  126  7:45  SCV  
  126  7:48  Marine  
  128  7:55  Siege Tank, Marine x3  
  134  7:59  Marine x2  
  134  8:05  Marine x3  
  138  8:06  Marine  
  138  8:08  SCV  
  138  8:09  SCV  
  138  8:12  Factory Tech Lab  
  136  8:13  SCV, Marine x2  
  136  8:17  Marine  
  136  8:18  Marine  
  136  8:20  Marine  
  136  8:23  Marine x2  
  137  8:27  Siege Tank  
  137  8:31  Marine  
  137  8:33  Marine x2  
  138  8:34  SCV  
  138  8:36  Siege Tank  
  138  8:37  Medivac x2  
  138  8:47  Marine x5  
  136  8:49  SCV x2  
  136  8:53  Marine x2  
  137  9:01  Supply Depot  
  137  9:07  Medivac  
  139  9:10  Command Center  
  139  9:11  Marine  
  139  9:14  Siege Tank  
  139  9:15  Marine x2  
  142  9:17  Marine  
  142  9:19  Marine  
  142  9:23  Medivac  
  142  9:24  Marine  
  146  9:26  Marine x3  
  146  9:29  Marine  
  151  9:33  Marine x2  
  151  9:34  Supply Depot  
  151  9:35  Marine  
  151  9:37  Marine  
  155  9:42  Marine  
  155  9:44  Marine  
  157  9:55  Marine x4  

Tags
 
Add a new tag
Caveats
  • Supply blocks, unpowered buildings, or Contaminate may cause inaccurate times.
  • Supply counts are checked every 10 seconds.